 Dungeon Crawl Stone Soup version 0.29.0-4-gdea44cf6ec (webtiles) character file.

Game seed: 472955958342617935

340 qw the Ruffian (level 6, -3/48 HPs)
             Began as a Ghoul Fire Elementalist on Aug 29, 2022.
             Slain by Prince Ribbit (16 damage)
             ... on level 5 of the Dungeon.
             The game lasted 00:03:15 (3234 turns).

qw the Ruffian (Ghoul Fire Elementalist)            Turns: 3234, Time: 00:03:16

Health: -3/48      AC:  8    Str: 14    XL:     6   Next: 56%
Magic:  7/7        EV:  9    Int: 10    God:
Gold:   160        SH:  0    Dex:  9    Spells: 7/8 levels left

rFire   . . .      SeeInvis .     - Unarmed
rCold   + . .      Faith    .   (no shield)
rNeg    + + +      Spirit   .   f - +0 scale mail
rPois   inf        Reflect  .   d - +0 helmet
rElec   .          Harm     .   (no cloak)
rCorr   .          Rampage  .   (no gloves)
Will    .....                   e - +0 pair of boots
Stlth   ..........              (no amulet)
HPRegen 0.00/turn               (no ring)
MPRegen 0.10/turn               (no ring)

@: inhibited regen
A: claws 1, cold resistance 1, negative energy resistance 3, inhibited
regeneration, torment resistance 2, devour on kill
a: no special abilities


You were on level 5 of the Dungeon.
You visited 1 branch of the dungeon, and saw 5 of its levels.

You collected 160 gold pieces.


Innate Abilities, Weirdness & Mutations

You are immune to poison.
You have sharp fingernails.
Your flesh is cold resistant. (rC+)
You are immune to negative energy. (rN+++)
You do not regenerate when monsters are visible.
You are immune to unholy pain and torment.
You thrive by killing the living.


   Skills:
 + Level 2.1 Fighting
 - Level 1.8 Armour
 - Level 1.7 Dodging
 - Level 2.1 Stealth
 - Level 6.0 Unarmed Combat
 - Level 1.7 Spellcasting
 - Level 0.7 Conjurations
 - Level 2.4 Fire Magic


You had 7 spell levels left.
You knew the following spells:

 Your Spells              Type           Power      Damage    Failure   Level
a - Foxfire               Conj/Fire      16%        2x1d4     56%         1

Your spell library contained the following spells:

 Spells                   Type           Power      Damage    Failure   Level
 Scorch                   Fire           10%        2d6       58%         2
 Conjure Flame            Conj/Fire      4%         6-21      91%         3
 Inner Flame              Hex/Fire       3%         N/A       94%         3
 Flame Wave               Conj/Fire      4%         2d5       100%        4

Inventory:

Armour
 d - a +0 helmet (worn)
 e - a +0 pair of boots (worn)
 f - a +0 scale mail (worn)
Scrolls
 b - 2 scrolls of enchant weapon
 c - a scroll of enchant armour {unknown}
 h - a scroll of identify
Potions
 a - 2 potions of curing
 j - 2 potions of heal wounds
 k - a potion of haste
 m - a potion of might

Dungeon Overview and Level Annotations

Branches:
Dungeon (6/15)
 Temple: D:4-7

Altars:
Uskayaw
Wu Jian

Shops:
D:1 (

Annotations:
D:5 Prince Ribbit
D:6 Pikel


Message History

Prince Ribbit barely misses you.
You barely miss Prince Ribbit. Prince Ribbit barely misses you.
You barely miss Prince Ribbit.
Prince Ribbit hits you but does no damage.
You closely miss Prince Ribbit.
Prince Ribbit hits you but does no damage.
Prince Ribbit hits you!
You closely miss Prince Ribbit. Prince Ribbit hits you.
You barely miss Prince Ribbit. Prince Ribbit hits you.
You closely miss Prince Ribbit. Prince Ribbit hits you.
3225 ||| DRINKING 3 potions of heal wounds.
You feel much better. Prince Ribbit barely misses you. Prince Ribbit hits you!
You claw Prince Ribbit!
Prince Ribbit is lightly wounded.
Prince Ribbit asks, "Just a little smooch?"
Prince Ribbit hits you but does no damage.
You closely miss Prince Ribbit.
Prince Ribbit is lightly wounded.
Prince Ribbit hits you!
You barely miss Prince Ribbit.
Prince Ribbit is lightly wounded.
Prince Ribbit barely misses you. Prince Ribbit closely misses you.
You miss Prince Ribbit.
Prince Ribbit is lightly wounded.
Prince Ribbit closely misses you.
You claw Prince Ribbit! Your claw misses Prince Ribbit.
Prince Ribbit is heavily wounded.
Prince Ribbit hits you!
You closely miss Prince Ribbit. Your claw misses Prince Ribbit.
Prince Ribbit is heavily wounded.
Prince Ribbit blinks!
You scratch Prince Ribbit.
Prince Ribbit is heavily wounded.
Prince Ribbit hits you!
You die...

#................ #.
##..#.#..........
###..#...####.........
#.........###.........
#...#..........##....#
....
###............##. ..#
##...#.......... .
##..#..........
#......@##...##
........F# #..#
....##.#>.. .. ####
###.[.. . .....#
..##.## .. .. #.. ..


You could see Prince Ribbit.

Vanquished Creatures
  An ice beast (D:6)
  A phantom (D:6)
  An orc priest (D:3)
  An iguana (D:5)
  Robin (D:2)
  2 adders
  A worm (D:3)
  7 orcs
  7 bats
  9 endoplasms
  3 giant cockroaches
  10 goblins
  8 hobgoblins
  A kobold (D:1)
  2 quokkas
  10 ball pythons
  12 frilled lizards
  5 rats
82 creatures vanquished.

Notes
Turn   | Place    | Note
-------+----------+-------------------------------------------
     0 | D:1      | qw the Ghoul Fire Elementalist began the quest for the Orb.
     0 | D:1      | Reached XP level 1. HP: 14/14 MP: 2/2
     0 | D:1      | 0 ||| qw: Version: 0.1-a-90-g952f4b7
     0 | D:1      | 0 ||| qw: Game counter: 4156
     0 | D:1      | 0 ||| qw: Always use a shield: true
     0 | D:1      | 0 ||| qw: God list: Okawaru
     0 | D:1      | 0 ||| qw: Allow faded altars: false
     0 | D:1      | 0 ||| qw: Do Orc after D:15 true
     0 | D:1      | 0 ||| qw: Do second Lair branch before Depths: true
     0 | D:1      | 0 ||| qw: Lair rune preference: random
     0 | D:1      | 0 ||| qw: Plans: Normal
     0 | D:1      | 0 ||| PLANNING D:1-11
   249 | D:1      | Reached skill level 1 in Unarmed Combat
   510 | D:1      | Reached skill level 1 in Fighting
   510 | D:1      | Reached XP level 2. HP: 23/23 MP: 3/3
   743 | D:1      | Reached skill level 2 in Unarmed Combat
   747 | D:1      | 747 ||| Stepping ~*~*~tactically~*~*~ (stealth).
   749 | D:1      | 749 ||| Stepping ~*~*~tactically~*~*~ (stealth).
   751 | D:1      | 751 ||| Stepping ~*~*~tactically~*~*~ (stealth).
   752 | D:1      | 752 ||| Stepping ~*~*~tactically~*~*~ (stealth).
   753 | D:1      | 753 ||| Stepping ~*~*~tactically~*~*~ (stealth).
   755 | D:1      | 755 ||| Stepping ~*~*~tactically~*~*~ (stealth).
   757 | D:1      | 757 ||| Stepping ~*~*~tactically~*~*~ (stealth).
   758 | D:1      | 758 ||| Stepping ~*~*~tactically~*~*~ (stealth).
   762 | D:1      | 762 ||| Stepping ~*~*~tactically~*~*~ (stealth).
  1025 | D:1      | Found Viac's Antique Weapon Emporium.
  1045 | D:1      | Reached XP level 3. HP: 26/28 MP: 4/4
  1068 | D:1      | 1068 ||| UPGRADING to +0 leather armour.
  1078 | D:1      | 1078 ||| DROPPING +0 robe.
  1079 | D:1      | 1079 ||| UPGRADING to +0 ring mail.
  1089 | D:1      | 1089 ||| DROPPING +0 leather armour.
  1196 | D:1      | 1196 ||| DROPPING ring of flight.
  1197 | D:1      | 1197 ||| READING 2 scrolls labelled GAEKOM EZIB.
  1198 | D:1      | 1198 ||| READING scroll labelled FUREIH SOXOLE.
  1199 | D:1      | 1199 ||| READING 2 scrolls labelled RUODWI COUWE.
  1200 | D:1      | 1200 ||| READING scroll labelled ENLURA EFOIKK.
  1201 | D:1      | 1201 ||| DRINKING 2 blue potions.
  1202 | D:1      | 1202 ||| DROPPING potion of magic.
  1203 | D:1      | 1203 ||| DROPPING scroll of immolation.
  1238 | D:2      | 1238 ||| STAIRDANCE
  1317 | D:2      | 1317 ||| STAIRDANCE
  1374 | D:2      | Reached skill level 3 in Unarmed Combat
  1447 | D:2      | Found a hide-covered altar of Uskayaw.
  1535 | D:2      | 1535 ||| Stepping ~*~*~tactically~*~*~ (stealth).
  1536 | D:2      | 1536 ||| Stepping ~*~*~tactically~*~*~ (stealth).
  1537 | D:2      | 1537 ||| Stepping ~*~*~tactically~*~*~ (stealth).
  1543 | D:2      | 1543 ||| FLEEEEING.
  1544 | D:2      | 1544 ||| FLEEEEING.
  1545 | D:2      | 1545 ||| FLEEEEING.
  1546 | D:2      | 1546 ||| FLEEEEING.
  1547 | D:2      | 1547 ||| FLEEEEING.
  1548 | D:2      | 1548 ||| FLEEEEING.
  1584 | D:2      | 1584 ||| Stepping ~*~*~tactically~*~*~ (stealth).
  1588 | D:2      | 1588 ||| Stepping ~*~*~tactically~*~*~ (stealth).
  1593 | D:2      | 1593 ||| Stepping ~*~*~tactically~*~*~ (outnumbered).
  1594 | D:2      | 1594 ||| Stepping ~*~*~tactically~*~*~ (outnumbered).
  1609 | D:2      | Reached XP level 4. HP: 31/35 MP: 5/5
  1841 | D:2      | 1841 ||| Stepping ~*~*~tactically~*~*~ (stealth).
  1850 | D:2      | Noticed Robin
  1851 | D:2      | 1851 ||| Stepping ~*~*~tactically~*~*~ (hiding).
  1862 | D:2      | Killed Robin
  1863 | D:2      | Reached skill level 4 in Unarmed Combat
  2048 | D:2      | 2048 ||| UPGRADING to +0 helmet.
  2053 | D:2      | 2053 ||| UPGRADING to +0 pair of boots.
  2058 | D:2      | 2058 ||| DROPPING +1 animal skin.
  2059 | D:2      | 2059 ||| READING scroll labelled WAOL OBBAOSOA.
  2143 | D:3      | 2143 ||| Stepping ~*~*~tactically~*~*~ (stealth).
  2144 | D:3      | 2144 ||| Stepping ~*~*~tactically~*~*~ (stealth).
  2145 | D:3      | 2145 ||| Stepping ~*~*~tactically~*~*~ (stealth).
  2234 | D:3      | 2234 ||| Stepping ~*~*~tactically~*~*~ (stealth).
  2235 | D:3      | 2235 ||| Stepping ~*~*~tactically~*~*~ (stealth).
  2246 | D:3      | Found a faded altar of an unknown god.
  2253 | D:3      | 2253 ||| Stepping ~*~*~tactically~*~*~ (stealth).
  2260 | D:3      | 2260 ||| Stepping ~*~*~tactically~*~*~ (outnumbered).
  2276 | D:3      | Reached XP level 5. HP: 31/41 MP: 6/6
  2572 | D:3      | 2572 ||| Stepping ~*~*~tactically~*~*~ (stealth).
  2609 | D:3      | 2609 ||| Stepping ~*~*~tactically~*~*~ (stealth).
  2645 | D:3      | Found an ornate altar of the Wu Jian Council.
  2842 | D:3      | You fall into a shaft and drop 3 floors!
  2843 | D:6      | 2843 ||| UPGRADING to +0 scale mail.
  2853 | D:6      | 2853 ||| DROPPING +0 ring mail.
  2854 | D:6      | 2854 ||| READING scroll labelled AJOTUOQODA.
  2855 | D:6      | 2855 ||| READING scroll labelled IGHUIRPHIBE.
  2856 | D:6      | 2856 ||| READING scroll labelled INIUSE YGALIEN.
  2857 | D:6      | 2857 ||| DRINKING 2 pink potions.
  2858 | D:6      | 2858 ||| READING 3 scrolls of identify.
  2858 | D:6      | 2858 ||| IDENTIFYING brown potion
  2859 | D:6      | 2859 ||| READING 2 scrolls of identify.
  2859 | D:6      | 2859 ||| IDENTIFYING clear potion
  2862 | D:6      | Noticed a lemure
  2862 | D:6      | Noticed a lemure
  2862 | D:6      | Noticed an ice beast
  2874 | D:6      | Noticed a phantom
  2875 | D:6      | Killed an ice beast
  2876 | D:6      | Reached skill level 5 in Unarmed Combat
  2876 | D:6      | Reached XP level 6. HP: 46/48 MP: 7/7
  2878 | D:6      | Noticed Pikel
  2878 | D:6      | 2878 ||| Stepping ~*~*~tactically~*~*~ (outnumbered).
  2879 | D:6      | 2879 ||| Stepping ~*~*~tactically~*~*~ (outnumbered).
  2880 | D:6      | 2880 ||| Stepping ~*~*~tactically~*~*~ (outnumbered).
  2882 | D:6      | 2882 ||| Stepping ~*~*~tactically~*~*~ (outnumbered).
  2883 | D:6      | 2883 ||| Stepping ~*~*~tactically~*~*~ (outnumbered).
  2884 | D:6      | 2884 ||| Stepping ~*~*~tactically~*~*~ (outnumbered).
  2886 | D:6      | 2886 ||| Stepping ~*~*~tactically~*~*~ (outnumbered).
  2887 | D:6      | 2887 ||| Stepping ~*~*~tactically~*~*~ (outnumbered).
  2889 | D:6      | 2889 ||| Stepping ~*~*~tactically~*~*~ (outnumbered).
  2896 | D:6      | Reached skill level 1 in Armour
  2896 | D:6      | 2896 ||| FLEEEEING.
  2897 | D:6      | 2897 ||| FLEEEEING.
  2898 | D:6      | 2898 ||| STAIRDANCE
  2899 | D:5      | Entered Level 5 of the Dungeon
  2938 | D:5      | 2938 ||| Stepping ~*~*~tactically~*~*~ (stealth).
  2939 | D:5      | 2939 ||| Stepping ~*~*~tactically~*~*~ (stealth).
  3023 | D:5      | 3023 ||| Stepping ~*~*~tactically~*~*~ (outnumbered).
  3024 | D:5      | 3024 ||| Stepping ~*~*~tactically~*~*~ (outnumbered).
  3025 | D:5      | 3025 ||| Stepping ~*~*~tactically~*~*~ (outnumbered).
  3027 | D:5      | 3027 ||| Stepping ~*~*~tactically~*~*~ (outnumbered).
  3028 | D:5      | 3028 ||| Stepping ~*~*~tactically~*~*~ (outnumbered).
  3036 | D:5      | Reached skill level 6 in Unarmed Combat
  3217 | D:5      | Noticed Prince Ribbit
  3224 | D:5      | HP: 11/48 [Prince Ribbit (3)]
  3225 | D:5      | 3225 ||| DRINKING 3 potions of heal wounds.
  3234 | D:5      | Slain by Prince Ribbit

Levels and vault maps discovered:
D:1:      dpeg_arrival_leaves_temple_mockup, layout_basic, serial_shops,
          nicolae_shop_overgrown_old_shop, dk_noncrumbling_3
D:2:      layout_loops_cross, basic_altar, minmay_lizard_pond, uniq_robin
D:3:      layout_basic, nicolae_wu_jian_wuxing_cycle,
          shapermc_ecumenical_altar_starsandcircs
D:5:      layout_cave_pools, kennysheep_little_box,
          lemuel_zombie_altar_kikubaaqudgha,
          chequers_temple_overflow_statue_of_worship,
          minmay_temple_entry_slanted, uniq_prince_ribbit1, uniq_sigmund
D:6:      layout_basic, uniq_pikel, uniq_edmund, uniq_eustachio,
          uniq_blork_the_orc

Skill      XL: |  1  2  3  4  5  6 |
---------------+-------------------+-----
Unarmed Combat | 1 2 3 4 5 6 |  6.0
Fighting       | 1 2 |  2.1
Armour         | 1 |  1.8
Dodging        | |  1.7
Stealth        | |  2.1
Spellcasting   | |  1.7
Conjurations   | |  0.7
Fire Magic     | |  2.4

Action                   |  1- 3 |  4- 6 || total
-------------------------+-------+-------++-------
Melee: Unarmed           |   152 |   152 ||   304
       Punch             |     3 |     8 ||    11
  Use: Scroll            |     4 |     6 ||    10
       Potion            |     1 |     2 ||     3
Armor: Robe              |    29 |       ||    29
       Ring mail         |    28 |    34 ||    62
       Scale mail        |       |    21 ||    21
Dodge: Dodged            |    76 |    56 ||   132

Table legend:
 A = Non-vault XP
 B = Vault XP
 C = Vault XP percentage of total XP
 D = Non-vault monster count
 E = Vault monster count
 F = Vault count percentage of total count
                 A         B        C        D         E       F
            +---------+---------+-------+---------+---------+-------
      Total |     440 |      46 |   9.5 |      61 |      21 |  25.6
            +---------+---------+-------+---------+---------+-------
        D:1 |      53 |       0 |   0.0 |      24 |       0 |   0.0
        D:2 |      16 |      46 |  74.2 |      11 |      21 |  65.6
        D:3 |      90 |       0 |   0.0 |      19 |       0 |   0.0
        D:5 |      49 |       0 |   0.0 |       5 |       0 |   0.0
        D:6 |     232 |       0 |   0.0 |       2 |       0 |   0.0
            +---------+---------+-------+---------+---------+-------
